 Dungeon Crawl Stone Soup version 0.30-a0-347-gf58ed5266c (webtiles) character file.

Game seed: 476437390316061109

193590 DeathPants the Warrior (level 18, -6/176 HPs)
             Began as a Minotaur Gladiator on Nov 5, 2022.
             Was an Initiate of Gozag.
             Succumbed to a merfolk impaler's poison
             ... on level 4 of the Shoals.
             The game lasted 01:24:10 (27348 turns).

DeathPants the Warrior (Minotaur Gladiator)        Turns: 27348, Time: 01:24:10

Health: -6/176     AC: 30    Str: 30    XL:     18   Next: 7%
Magic:  17/17      EV: 13    Int:  5    God:    Gozag
Gold:   2154       SH: 13    Dex: 11    Spells: 17/17 levels left

rFire   . . .      SeeInvis .    a - +2 war axe (venom)
rCold   . . .      Faith    .    U - +1 kite shield {reflect}
rNeg    . . .      Spirit   .    p - +2 scale mail "Kong" {Will+ Str+2 Slay+3}
rPois   .          Reflect  +    w - +2 hat
rElec   .          Harm     .    N - +1 cloak
rCorr   .          Rampage  .    Y - +2 pair of gloves
Will    ++...                    n - +2 pair of boots {Fly}
Stlth   ..........               q - amulet of regeneration
HPRegen 1.29/turn                f - +4 ring of protection
MPRegen 0.15/turn                s - +4 ring of protection

@: lethally poisoned (-6 -> -28), gold aura, on berserk cooldown, flying,
slowed, studying Dodging, very slow
A: horns 2, retaliatory headbutt
a: Renounce Religion, Potion Petition, Call Merchant, Bribe Branch


You were on level 4 of the Shoals.
You worshipped Gozag.
Gozag was most pleased with you.
You visited 5 branches of the dungeon, and saw 27 of its levels.
You also visited: Bailey.

You collected 10038 gold pieces.
You spent 6224 gold pieces at shops.
You paid 1660 gold pieces to Gozag.

Inventory:

Hand Weapons
 a - a +2 war axe of venom (weapon)
 b - a +1 eveningstar of protection
Missiles
 d - 6 throwing nets (quivered)
 e - 9 javelins
 B - 7 curare-tipped darts
Armour
 n - a +2 pair of boots of flying (worn)
 p - the +2 scale mail "Kong" (worn) {Will+ Str+2 Slay+3}
   (You bought it in a shop on level 2 of the Orcish Mines)

   Str:       It affects your strength (+2).
   Slay:      It affects your accuracy & damage with ranged weapons and melee
   (+3).
   Will:      It increases your willpower.
 w - a +2 hat (worn)
 N - a +1 cloak (worn)
 R - the +6 scale mail of the Sun {Dex+6}
   (You found it on level 12 of the Dungeon)

   Dex:       It affects your dexterity (+6).
 U - a +1 kite shield of reflection (worn)
 Y - a +2 pair of gloves (worn)
Jewellery
 f - a +4 ring of protection (left hand)
 o - a ring of protection from fire
 q - an amulet of regeneration (around neck)
 s - a +4 ring of protection (right hand)
 t - the ring "Wemejidd" {rPois rN++ Will- AC+4 Dex+3}
   (You found it on level 5 of the Dungeon)

   [ring of protection]

   AC:        It affects your AC (+4).
   Dex:       It affects your dexterity (+3).
   rPois:     It protects you from poison.
   rN:        It greatly protects you from negative energy.
   Will:      It decreases your willpower.
 K - a ring of resist corrosion
 P - a ring of poison resistance
Wands
 c - a wand of iceblast (4)
 r - a wand of flame (15)
 u - a wand of light (9)
 x - a wand of digging (22)
 J - a wand of mindburst (4)
 O - a wand of polymorph (3)
Scrolls
 E - 3 scrolls of magic mapping
 F - 7 scrolls of teleportation
 I - 2 scrolls of enchant weapon
 Q - a scroll of summoning
 S - 3 scrolls of fog
 Z - 3 scrolls of brand weapon
Potions
 g - a potion of berserk rage
 h - 3 potions of attraction
 i - 3 potions of mutation
 j - 9 potions of curing
 l - 4 potions of resistance
 m - 11 potions of ambrosia
 v - 2 potions of haste
 z - 3 potions of might
 A - 2 potions of cancellation
 L - 5 potions of heal wounds
 W - 3 potions of invisibility
 X - 4 potions of lignification
Miscellaneous
 y - a phantom mirror
 D - a box of beasts
 H - a condenser vane


   Skills:
 - Level 19.3 Fighting
 - Level 18.0 Axes
 + Level 7.5 Throwing
 - Level 10.5 Armour
 - Level 11.4 Dodging
 - Level 14.8 Shields
 + Level 12.9 Evocations


You had 17 spell levels left.
You didn't know any spells.
Your spell library contained the following spells:

 Spells                   Type           Power      Damage    Failure   Level
 Magic Dart               Conj           0%         1d3       86%         1
 Sandblast                Erth           0%         2d4       86%         1
 Summon Small Mammal      Summ           0%         N/A       86%         1
 Call Imp                 Summ           0%         N/A       95%         2
 Cigotuvi's Dreadful Rot  Necr/Pois/Air  0%         N/A       95%         2
 Ensorcelled Hibernation  Hex/Ice        0%         N/A       95%         2
 Passwall                 Tmut/Erth      0%         N/A       95%         2
 Poisonous Vapours        Pois/Air       0%         N/A       95%         2
 Sublimation of Blood     Necr           0%         N/A       95%         2
 Call Canine Familiar     Summ           0%         N/A       99%         3
 Dazzling Flash           Conj/Hex       0%         N/A       99%         3
 Gell's Gravitas          Tloc           0%         N/A       99%         3
 Inner Flame              Hex/Fire       0%         N/A       99%         3
 Lesser Beckoning         Tloc           0%         N/A       99%         3
 Mephitic Cloud           Conj/Pois/Air  0%         N/A       99%         3
 Spider Form              Tmut/Pois      0%         N/A       99%         3
 Stone Arrow              Conj/Erth      0%         3d7       99%         3
 Summon Guardian Golem    Hex/Summ       0%         N/A       99%         3
 Swiftness                Air            0%         N/A       99%         3
 Teleport Other           Tloc           0%         N/A       99%         3
 Cause Fear               Hex            0%         N/A       100%        4
 Petrify                  Tmut/Erth      0%         N/A       100%        4
 Agony                    Necr           0%         N/A       100%        5
 Irradiate                Conj/Tmut      0%         3d11      100%        5
 Metabolic Englaciation   Hex/Ice        0%         N/A       100%        5
 Silence                  Hex/Air        0%         N/A       100%        5
 Summon Forest            Summ/Tloc      0%         N/A       100%        5
 Summon Mana Viper        Hex/Summ       0%         N/A       100%        5
 Yara's Violent Unravell  Hex/Tmut       0%         3d3       100%        5
 Conjure Ball Lightning   Conj/Air       0%         3x3d6     100%        6
 Summon Cactus Giant      Summ           0%         N/A       100%        6
 Enfeeble                 Hex            0%         N/A       100%        7
 Monstrous Menagerie      Summ           0%         N/A       100%        7
 Discord                  Hex            0%         N/A       100%        8
 Disjunction              Tloc           0%         N/A       100%        8
 Simulacrum               Ice/Necr       Unusable   N/A       N/A         6

Dungeon Overview and Level Annotations

Branches:
Dungeon (15/15)            Temple (1/1) D:6            Lair (5/5) D:9
 Shoals (4/4) Lair:2        Snake (0/4) Lair:3        Slime (0/5) Lair:4
    Orc (2/2) D:9             Elf (0/3) Orc:2        Vaults (0/5) D:14
 Depths (0/4) D:15         Bailey (visited)

Altars:
Ashenzari
Cheibriados
Dithmenos
Elyvilon
Fedhas
Gozag
Hepliaklqana
Kikubaaqudgha
Makhleb
Nemelex Xobeh
Okawaru
Qazlal
Ru
Sif Muna
Trog
Uskayaw
Vehumet
Wu Jian
Xom
Yredelemnul
Zin
The Shining One

Shops:
D:4 (   D:5 (   Orc:2 ![!*[

Annotations:
Shoals:3 3 runed translucent doors
Shoals:4 1 runed translucent door


Innate Abilities, Weirdness & Mutations

You have a pair of horns on your head.
You reflexively headbutt those who attack you in melee.


Message History

You block the merfolk impaler's attack.
The merfolk impaler is distracted by your dazzling golden aura.
The merfolk javelineer shouts!
The merfolk impaler shouts!
You slice the merfolk avatar!!
You break out of your daze!
You kill the merfolk avatar!
You closely miss the merfolk javelineer.
The merfolk javelineer is no longer distracted by gold.
You barely miss the merfolk impaler.
The merfolk impaler is no longer distracted by gold.
You feel very sick.
You kill the merfolk impaler!
You hear a splash. x2
The merfolk javelineer throws a javelin.
The javelin pierces through you!
* * * LOW HITPOINT WARNING * * *
The javelin pierces through the merfolk impaler!
You feel very sick.
The merfolk impaler is distracted by your dazzling golden aura.
The merfolk javelineer throws a javelin.
The javelin pierces through you!
* * * LOW HITPOINT WARNING * * *
The javelin pierces through the merfolk impaler!
The merfolk impaler shouts!
You feel a strong urge to attack something.
You are no longer berserk.
You are exhausted.
You feel yourself slow down.
* * * LOW HITPOINT WARNING * * *
You feel very sick.
You kill the merfolk impaler!
You hear a splash. x2
The merfolk impaler is no longer distracted by gold.
The merfolk impaler hits you with a +2 trident of venom.
* * * LOW HITPOINT WARNING * * *
You are more poisoned.
You slash the merfolk impaler!
The merfolk impaler is almost dead.
You die...
Your body crumbles into a pile of gold.

..~~~....##..)##~~~~~~~~~~~~~~~≈≈
....~~....##'##~~~~~~~~~~~~~~~~≈≈
##..<~~~.......~~~~~~~~~~~~~~~~≈≈
#..~~~~~......~~~~~~≈≈≈≈≈~~~~≈≈≈
##...~.....~~.~~~~~~~≈≈≈≈≈≈≈≈≈≈≈≈
...........~~~~$~~~~~≈≈≈≈≈≈≈≈≈≈≈≈
..~.......^~~##$##~~~≈≈≈≈≈≈≈≈≈≈≈≈
.~~.......~~##$$$##~≈≈≈≈≈≈≈≈≈≈≈≈≈
~~~~.....~~~#m$~@m#≈≈≈≈≈≈≈≈≈≈≈≈≈≈
~~~~)....~~~#~$$~~#≈≈≈≈≈≈≈≈≈≈≈≈≈≈
≈~~~~~~.~~~~#~...~#≈≈≈≈≈≈≈≈≈≈≈≈≈≈
≈≈~~~~~~~~~≈##...##≈≈≈≈≈≈≈≈≈≈≈≈≈≈
≈≈≈≈~~~~~~≈≈≈#####≈≈≈≈≈≈≈≈≈≈≈≈≈≈≈
≈≈≈≈≈≈≈≈≈≈≈≈ ≈≈≈≈≈≈≈≈≈≈≈≈≈≈≈≈≈
≈≈≈≈≈≈≈≈≈≈≈≈ ≈≈≈≈≈≈≈≈≈≈≈≈≈≈≈≈≈
≈≈≈≈≈≈≈≈≈≈≈≈ ≈≈≈≈≈≈≈≈≈≈≈≈≈≈≈≈
≈≈≈≈≈≈≈≈≈≈≈≈ ≈≈≈≈≈≈≈≈≈≈≈≈≈≈≈≈


You could see a merfolk impaler and a merfolk javelineer (very poisoned).

Vanquished Creatures
  Mlioglotl (Shoals:2)
  2 krakens (Shoals:4)
  Polyphemus (Shoals:2)
  Gastronok (Orc:1)
  Ilsuiw (Shoals:3)
  A stone giant (D:15)
  Nessos (D:15)
  3 merfolk javelineers (Shoals:4)
  5 merfolk impalers
  Fannar (D:10)
  4 vault guards (D:14)
  9 centaur warriors
  An ice dragon (D:11)
  2 alligator snapping turtles
  5 hydras
  An ogre mage (D:15)
  A catoblepas (Shoals:2)
  Erica (D:10)
  5 two-headed ogres
  6 merfolk aquamancers
  3 merfolk avatars
  7 boulder beetles
  A satyr (Shoals:3)
  13 death yaks
  4 tengu warriors
  Urug (Orc:1)
  Sonja (D:10)
  5 skeletal warriors (D:13)
  13 sea snakes
  A deep troll (D:15)
  2 wizards
  A necromancer (D:15)
  Pikel (D:4)
  A lindwurm (Lair:5)
  15 harpies
  2 deep elf pyromancers (D:14)
  5 orc knights (Orc:2)
  15 ugly things
  2 orc sorcerers
  A moth of wrath (shapeshifter) (D:14)
  12 cyclopes
  11 fauns
  16 manticores
  2 elephants (Lair:5)
  3 black mambas
  Joseph (D:7)
  10 merfolk sirens
  4 water nymphs
  Maurice (D:13)
  Maggie (D:8)
  3 rime drakes
  15 cane toads
  Psyche (D:8)
  A kobold demonologist (D:11)
  10 komodo dragons
  A freezing wraith (D:14)
  A tengu conjurer (D:14)
  5 polar bears
  19 merfolk
  8 trolls
  A hornet (shapeshifter) (D:15)
  3 meliai (D:12)
  Grinder (D:4)
  A queen bee (D:12)
  5 hornets
  4 wind drakes
  7 snapping turtles
  21 dream sheep
  3 slime creatures
  13 blink frogs
  A spriggan (shapeshifter) (D:13)
  A shadow (D:10)
  A vampire (D:12)
  17 water elementals
  A wraith (D:10)
  A yak (shapeshifter) (D:14)
  The ghost of Shayle the Conjurer, an amateur NaRe of Cheibriados (D:5)
  66 yaks
  6 wyverns
  A human (shapeshifter) (D:14)
  Grum (D:8)
  7 humans (D:14)
  2 vampire mosquitoes
  5 basilisks
  6 acid dragons
  A naga (Lair:3)
  11 water moccasins
  43 orc warriors
  An ice beast (D:6)
  A sky beast (D:7)
  A sky beast (shapeshifter) (D:13)
  3 black bears
  9 ogres
  18 centaurs
  15 wolves
  A lemure (D:4)
  The ghost of MrSquiggles the Insei, an amateur OpTm (D:3)
  7 bullfrogs
  2 necrophages
  3 scorpions
  9 wights
  13 killer bees
  6 howler monkeys
  3 electric eels (D:15)
  3 hounds
  A gnoll bouda (D:6)
  17 orc priests
  13 jellies (Lair:4)
  5 iguanas
  Natasha (twice) (D:4)
  17 orc wizards
  5 hell rats (Lair:5)
  10 gnolls
  13 adders
  An ufetubus (D:5)
  A worm (D:2)
  9 dart slugs
  68 orcs
  9 bats
  12 endoplasms
  A giant cockroach (D:2)
  10 goblins
  9 hobgoblins
  4 jackals (D:1)
  4 quokkas
  8 ball pythons
  3 frilled lizards
  20 kobolds
  4 rats
  6 tentacles (Shoals:4)
850 creatures vanquished.

Vanquished Creatures (collateral kills)
  An orc warrior (Orc:2)
  3 centaurs (Orc:2)
4 creatures vanquished.

Vanquished Creatures (others)
  A vault guard (D:14)
  A faun (Shoals:2)
  A water nymph (Shoals:4)
  An orc (Orc:1)
  17 fungi
  65 plants
  11 tentacles (Shoals:4)
97 creatures vanquished.

Grand Total: 951 creatures vanquished

Notes
Turn   | Place    | Note
-------+----------+-------------------------------------------
     0 | D:1      | DeathPants the Minotaur Gladiator began the quest for the
                  | Orb.
     0 | D:1      | Reached XP level 1. HP: 18/18 MP: 0/0
   134 | D:1      | Reached XP level 2. HP: 25/25 MP: 1/1
   237 | D:1      | Reached skill level 1 in Armour
   297 | D:1      | Reached XP level 3. HP: 19/30 MP: 2/2
   436 | D:1      | Reached skill level 3 in Fighting
   839 | D:2      | Reached XP level 4. HP: 34/38 MP: 3/3
  1562 | D:4      | Reached skill level 5 in Axes
  1583 | D:3      | Found an ornate altar of the Wu Jian Council.
  1624 | D:3      | Found a radiant altar of Vehumet.
  1664 | D:3      | Found a snail-covered altar of Cheibriados.
  1687 | D:3      | Reached XP level 5. HP: 43/45 MP: 4/4
  1771 | D:3      | Reached skill level 1 in Shields
  1848 | D:3      | Found a runed translucent door.
  1851 | D:3      | Noticed MrSquiggles's ghost (amateur OpTm)
  1889 | D:3      | Killed MrSquiggles's ghost
  1890 | D:3      | Reached skill level 4 in Fighting
  2191 | D:4      | Noticed Grinder
  2195 | D:4      | Paralysed by Grinder for 5 turns
  2210 | D:4      | Paralysed by Grinder for 5 turns
  2217 | D:4      | Killed Grinder
  2218 | D:4      | Reached XP level 6. HP: 45/53 MP: 5/5
  2290 | D:4      | Noticed Pikel
  2310 | D:4      | Killed Pikel
  2311 | D:4      | Reached skill level 5 in Fighting
  2311 | D:4      | Reached XP level 7. HP: 46/62 MP: 6/6
  2449 | D:5      | Entered Level 5 of the Dungeon
  2487 | D:4      | Found Riorchoet's Antique Weapon Boutique.
  2737 | D:4      | Noticed Natasha
  2741 | D:4      | Killed Natasha
  2746 | D:4      | Reached XP level 8. HP: 66/70 MP: 7/7
  3160 | D:4      | Noticed Natasha
  3171 | D:4      | Killed Natasha
  3172 | D:4      | Reached skill level 6 in Fighting
  3427 | D:5      | Reached skill level 5 in Shields
  3647 | D:5      | Reached skill level 10 in Axes
  3710 | D:5      | Identified the ring "Wemejidd" {rPois rN++ Will- AC+4
                  | Dex+3}
  3807 | D:5      | Found Qolibagi's Weapon Shoppe.
  3896 | D:5      | Bought a +2 war axe of venom for 226 gold pieces
  4017 | D:5      | Found a runed translucent gate.
  4018 | D:5      | Found a runed translucent gate.
  4019 | D:5      | Found a runed translucent gate.
  4021 | D:5      | Noticed Shayle's ghost (amateur NaRe)
  4031 | D:5      | Killed Shayle's ghost
  4032 | D:5      | Reached skill level 7 in Fighting
  4310 | D:6      | Reached XP level 9. HP: 70/79 MP: 8/8
  4571 | D:7      | Noticed Joseph
  4585 | D:7      | Killed Joseph
  4647 | D:6      | Reached skill level 8 in Fighting
  4647 | D:6      | Reached skill level 5 in Dodging
  4892 | D:6      | Found a staircase to the Ecumenical Temple.
  4901 | Temple   | Entered the Ecumenical Temple
  4938 | Temple   | Became a worshipper of Gozag Ym Sagoz the Greedy
  5024 | D:6      | Found a blossoming altar of Fedhas.
  5484 | D:8      | Found a flagged portal.
  5712 | Bailey   | Entered a bailey
  6191 | D:8      | Noticed a green ugly thing
  6199 | D:8      | Killed a green ugly thing
  6200 | D:8      | Reached skill level 5 in Armour
  6200 | D:8      | Reached XP level 10. HP: 90/90 MP: 9/9
  6551 | D:7      | Found a burning altar of Makhleb.
  6560 | D:7      | Found a glowing golden altar of the Shining One.
  6652 | D:7      | Found a shadowy altar of Dithmenos.
  6855 | D:8      | Noticed Psyche
  6881 | D:8      | Killed Psyche
  7051 | D:8      | Noticed Grum
  7064 | D:8      | Reached skill level 9 in Fighting
  7070 | D:8      | Killed Grum
  7232 | D:8      | Noticed Maggie
  7245 | D:8      | Killed Maggie
  7916 | D:10     | Entered Level 10 of the Dungeon
  8065 | D:10     | Reached XP level 11. HP: 83/99 MP: 10/10
  8149 | D:9      | Found a bloodstained altar of Trog.
  8149 | D:9      | Found a basalt altar of Yredelemnul.
  8150 | D:9      | Found a hazy altar of Hepliaklqana.
  8260 | D:10     | Reached skill level 10 in Fighting
  8400 | D:9      | Found a staircase to the Lair.
  8589 | D:9      | Found a staircase to the Orcish Mines.
  8821 | D:10     | Noticed a two-headed ogre
  8829 | D:10     | Killed a two-headed ogre
  8847 | D:10     | Noticed Fannar
  8848 | D:10     | Noticed a boulder beetle
  8864 | D:10     | Killed a boulder beetle
  8866 | D:10     | Killed Fannar
  9060 | D:10     | Noticed Erica
  9075 | D:10     | Killed Erica
  9655 | D:10     | Noticed Sonja
  9657 | D:10     | Killed Sonja
  9658 | D:10     | Reached skill level 15 in Axes
  9958 | D:11     | Noticed a boulder beetle
  9970 | D:11     | Killed a boulder beetle
 10029 | D:11     | Reached skill level 11 in Fighting
 10300 | D:12     | Identified the +6 scale mail of the Sun {Dex+6}
 10474 | D:11     | Reached XP level 12. HP: 99/110 MP: 11/11
 10482 | D:11     | Identified a scroll of acquirement
 10482 | D:11     | Acquired a manual of Dodging
 10576 | D:11     | Noticed a centaur warrior
 10578 | D:11     | Noticed an ice dragon
 10578 | D:11     | Noticed a centaur warrior
 10579 | D:11     | Noticed an eight-headed hydra
 10587 | D:11     | Killed a centaur warrior
 10594 | D:11     | Killed a centaur warrior
 10602 | D:11     | Killed an ice dragon
 10712 | D:11     | Noticed a tengu warrior
 10724 | D:11     | Killed a tengu warrior
 10891 | D:4      | Bought a runed eveningstar for 396 gold pieces
 11180 | D:12     | Noticed a boulder beetle
 11201 | D:12     | Killed a boulder beetle
 11476 | D:11     | Reached skill level 10 in Dodging
 11520 | D:11     | Killed an eight-headed hydra
 11527 | D:11     | Got the Directory of the Amassed Voyage
 11532 | D:11     | Identified the +1 leather armour of the Three Souls {rF+
                  | Dex+4 Stlth+}
 11532 | D:11     | Identified the +9 rapier of the Hurting Gods {freeze,
                  | *Noise rF++ rCorr Dex+2}
 11954 | D:12     | Reached skill level 12 in Fighting
 12204 | D:12     | You are sucked into a shaft and drop 2 floors!
 12209 | D:14     | Noticed a boulder beetle
 12225 | D:14     | Reached skill level 10 in Armour
 12225 | D:14     | Killed a boulder beetle
 12294 | D:14     | Killed a vault guard
 12631 | Lair:1   | Entered Level 1 of the Lair of Beasts
 12639 | Lair:1   | Reached XP level 13. HP: 119/119 MP: 12/12
 12788 | Lair:1   | Reached skill level 1 in Evocations
 13620 | Lair:2   | You are sucked into a shaft and drop 2 floors!
 13620 | Lair:4   | Found a staircase to the Slime Pits.
 13738 | Lair:5   | Entered Level 5 of the Lair of Beasts
 13762 | Lair:3   | Reached skill level 13 in Fighting
 14225 | Lair:3   | Found a staircase to the Snake Pit.
 14331 | Lair:2   | Found a staircase to the Shoals.
 15168 | Lair:2   | Reached skill level 14 in Fighting
 15170 | Lair:2   | Reached skill level 5 in Evocations
 15548 | Lair:3   | Found a shadowy altar of Dithmenos.
 16171 | Lair:3   | Reached XP level 14. HP: 126/133 MP: 13/13
 16187 | Lair:3   | Reached skill level 15 in Fighting
 17225 | Lair:5   | Reached skill level 16 in Fighting
 17238 | Lair:5   | Got the Commentary on Frigid Venin
 18012 | D:13     | Found a radiant altar of Vehumet.
 18161 | D:13     | Reached skill level 17 in Fighting
 18458 | D:13     | Noticed Maurice
 18469 | D:13     | Killed Maurice
 19053 | D:15     | Entered Level 15 of the Dungeon
 19170 | D:14     | Reached XP level 15. HP: 147/147 MP: 14/14
 19172 | D:14     | Reached skill level 10 in Evocations
 19231 | D:14     | Found a gate to the Vaults.
 20032 | D:14     | Reached skill level 18 in Fighting
 20214 | D:15     | Noticed Nessos
 20217 | D:15     | Killed Nessos
 20435 | D:15     | Paralysed by a hornet for 2 turns
 20560 | D:15     | Found a staircase to the Depths.
 21298 | Orc:1    | Entered Level 1 of the Orcish Mines
 21452 | Orc:1    | Noticed Urug
 21465 | Orc:1    | Killed Urug
 21534 | Orc:1    | Found an iron altar of Okawaru.
 21716 | Orc:2    | Entered Level 2 of the Orcish Mines
 21821 | Orc:1    | Noticed Gastronok
 21843 | Orc:1    | Killed Gastronok
 22543 | Orc:2    | Found a staircase to the Elven Halls.
 22825 | Orc:2    | Found Qoete's Distillery.
 22842 | Orc:2    | Found Arin's Distillery.
 22842 | Orc:2    | Found Eske's Antique Armour Shoppe.
 22845 | Orc:2    | Found Yvylic's Jewellery Shop.
 22849 | Orc:2    | Bought a potion of resistance for 150 gold pieces
 22849 | Orc:2    | Bought a potion of resistance for 150 gold pieces
 22849 | Orc:2    | Bought a potion of curing for 45 gold pieces
 22850 | Orc:2    | Bought a pair of embroidered gloves for 210 gold pieces
 22853 | Orc:2    | Bought a potion of heal wounds for 80 gold pieces
 22853 | Orc:2    | Bought a potion of curing for 48 gold pieces
 22853 | Orc:2    | Bought a potion of heal wounds for 80 gold pieces
 22853 | Orc:2    | Bought a potion of heal wounds for 80 gold pieces
 22853 | Orc:2    | Bought a potion of might for 64 gold pieces
 22853 | Orc:2    | Bought a potion of berserk rage for 80 gold pieces
 23016 | Orc:2    | Bought an encrusted bone wand for 116 gold pieces
 23016 | Orc:2    | Bought a phantom mirror for 1160 gold pieces
 23016 | Orc:2    | Bought a fuming red potion for 26 gold pieces
 23016 | Orc:2    | Bought a glowing blue potion for 26 gold pieces
 23016 | Orc:2    | Bought a tin of tremorstones (2/2) for 1160 gold pieces
 23016 | Orc:2    | Bought a phial of floods for 1160 gold pieces
 23022 | Orc:2    | Bought the +2 scale mail "Kong" {Will+ Str+2 Slay+3} for
                  | 781 gold pieces
 23175 | Shoals:1 | Entered Level 1 of the Shoals
 23363 | Shoals:1 | Reached skill level 19 in Fighting
 23453 | Shoals:1 | Identified the +9 lajatang "Iheutz" {freeze, rElec}
 23463 | Shoals:1 | Reached XP level 16. HP: 118/160 MP: 15/15
 23469 | Shoals:1 | Reached skill level 10 in Shields
 23895 | Shoals:2 | Noticed Mlioglotl
 23903 | Shoals:2 | Killed Mlioglotl
 24212 | Shoals:1 | You are sucked into a shaft and drop 1 floor!
 24212 | Shoals:2 | Noticed Polyphemus
 24636 | Shoals:2 | Killed Polyphemus
 25827 | Shoals:4 | Entered Level 4 of the Shoals
 25919 | Shoals:3 | Reached skill level 5 in Throwing
 25919 | Shoals:3 | Reached XP level 17. HP: 129/168 MP: 16/16
 26169 | Shoals:4 | Found a large runed translucent door.
 26212 | Shoals:4 | Found Abo Giga's General Store.
 26225 | Shoals:4 | Bought a scroll of brand weapon for 104 gold pieces
 26225 | Shoals:4 | Bought a scroll of magic mapping for 82 gold pieces
 26398 | Shoals:3 | Found a runed translucent gate.
 26398 | Shoals:3 | Found a runed translucent gate.
 26398 | Shoals:3 | Found a runed translucent gate.
 26415 | Shoals:3 | Noticed Ilsuiw
 26440 | Shoals:3 | Killed Ilsuiw
 27112 | Shoals:4 | Noticed a kraken
 27135 | Shoals:4 | Killed a kraken
 27218 | Shoals:4 | Noticed a kraken
 27227 | Shoals:4 | Killed a kraken
 27335 | Shoals:4 | Reached XP level 18. HP: 140/176 MP: 17/17
 27346 | Shoals:4 | HP: 10/264 [merfolk javelineer/javelin (8)]
 27347 | Shoals:4 | HP: 3/176 [poisoned by a merfolk impaler]
 27347 | Shoals:4 | HP: 1/176 [merfolk impaler/+2 trident of venom (2)]
 27348 | Shoals:4 | Succumbed to a merfolk impaler's poison

Illustrated notes

Levels and vault maps discovered:
D:1:      lightli_arrival_lavapool, layout_rooms, dk_noncrumbling_3
D:2:      layout_loops_ring
D:3:      layout_rooms, mainiacjoe_overflow_cross_hatched,
          mainiacjoe_overflow_catch_the_wave, ebering_ghost_sewer_d
D:4:      layout_basic, nicolae_take_the_stairs, uniq_natasha, uniq_pikel,
          uniq_grinder
D:5:      layout_cave_pools, ebering_ghost_rock_garden, serial_shops,
          nicolae_inconvenience_store, wad_rectangle_vault
D:6:      layout_basic, fedhas_altar_fruit_tree, minmay_temple_entry_poolview
D:7:      layout_rooms, mainiacjoe_overflow_alcove_2, mainiacjoe_overflow_swirl,
          uniq_joseph
D:8:      layout_loops_ring, enter_bailey_8, hangedman_decor_push, sigmund_army,
          uniq_maggie, uniq_grum, uniq_psyche
D:9:      layout_loops_corners, grunt_temple_overflow_open,
          grunt_lair_entry_orc_guard_hut
D:10:     layout_cave_pools, minivault_5, uniq_fannar, uniq_sonja, uniq_erica
D:11:     minmay_the_grid_octo_2x2 [minmay_the_grid_octo_checkered,
          minmay_the_grid_octo_odd_swirl, minmay_the_grid_octo_empty,
          minmay_the_grid_octo_prize_square_snowflake], layout_basic,
          serial_corexii_hall, chequers_hall_statues_corner_a,
          corexii_hall_statues_i, chequers_hall_statues_wall_a,
          chequers_hall_statues_wall_a
D:12:     layout_roguey, special_room [special_room_bee]
D:13:     layout_stronghold, gauntlet_entry_generic, vehumet_crystals,
          uniq_maurice
D:14:     minmay_razor_zed, layout_loops_ring, ximxim_vaults_locker_room,
          minivault_14
D:15:     hangedman_depths_entry_civil_slaughter, layout_basic,
          portal_ice_cave_entry_pillars_1, st_stairs_7,
          minmay_fractal_squares_diagonal_5, uniq_nessos
Temple:   minmay_temple_bridge_abc
Lair:1:   layout_gridlike
Lair:2:   layout_hall_layers, minmay_shoals_entry_hut, serial_bayou_shore_b
Lair:3:   layout_layer_cave, guppyfry_snake_entry_garden, basic_altar
Lair:4:   layout_long_grid, minmay_slime_entry_jelly_boxes, serial_rivers,
          chequers_serial_rivers_micro_a, chequers_serial_rivers_marsh,
          chequers_serial_rivers_micro_d, chequers_serial_rivers_large_a,
          chequers_serial_rivers_micro_e, chequers_serial_rivers_micro_b,
          serial_bayou_pond_c
Lair:5:   gammafunk_lair_ancient_temple, layout_misc_corridors
Shoals:1: layout_shoals, nicolae_shoals_water_shrine
Shoals:2: layout_shoals, uniq_polyphemus, uniq_mlioglotl
Shoals:3: layout_shoals, nicolae_shoals_beach_cooler, uniq_ilsuiw
Shoals:4: shoals_end_simple, layout_shoals, ebering_ghost_disaster_area,
          serial_shops, nicolae_shop_behind_doors
Orc:1:    layout_caves, basic_altar, david_defended_altar_orc, uniq_gastronok,
          uniq_urug
Orc:2:    st_orc_rangers, layout_diamond_mine, basic_altar

Skill      XL: |  1  2  3  4  5  6  7  8  9 10 11 12 13 14 15 16 17 |
---------------+----------------------------------------------------+-----
Axes           | 4 5 6 8 10 12 13 15 17 18 | 18.0
Armour         | 1 2 5 6 8 10 | 10.5
Fighting       | 3 4 5 7 8 9 11 12 14 17 19 | 19.3
Shields        | 3 4 6 9 14 | 14.8
Dodging        | 4 5 7 8 11 | 11.4
Evocations     | 6 9 11 12 | 12.9
Throwing       | 5 7 |  7.5

Action                   |  1- 3 |  4- 6 |  7- 9 | 10-12 | 13-15 | 16-18 || total
-------------------------+-------+-------+-------+-------+-------+-------++-------
Melee: War axe           |    56 |    51 |   270 |   426 |  1034 |   455 ||  2292
       Headbutt          |     8 |    19 |    47 |   121 |   316 |   147 ||   658
       Whip              |       |    82 |       |       |       |       ||    82
       Unarmed           |       |       |       |     4 |       |       ||     4
       Eveningstar       |       |       |       |     4 |    21 |       ||    25
Throw: Throwing net      |       |       |     3 |     1 |       |     1 ||     5
       Javelin           |       |       |       |     1 |       |       ||     1
Invok: Potion Petition   |       |       |       |     1 |       |       ||     1
       Call Merchant     |       |       |       |       |     2 |       ||     2
Evoke: Wand              |       |       |     2 |     9 |     5 |     5 ||    21
       Box of beasts     |       |       |       |       |     1 |       ||     1
       Condenser vane    |       |       |       |       |     1 |       ||     1
  Use: Scroll            |     2 |     5 |     5 |    11 |     7 |    12 ||    42
       Potion            |       |       |       |     5 |     3 |     6 ||    14
 Stab: Distracted        |       |       |       |     3 |    11 |     3 ||    17
       Petrified         |       |       |       |       |       |     6 ||     6
       Held in net/web   |       |       |       |       |       |     1 ||     1
Armor: Leather armour    |    27 |    18 |       |       |       |       ||    45
       Ring mail         |       |    45 |    60 |       |       |       ||   105
       Chain mail        |       |       |    34 |    28 |       |       ||    62
       Scale mail        |       |       |     5 |   158 |   501 |   259 ||   923
       Plate armour      |       |       |     5 |       |       |       ||     5
Dodge: Dodged            |    59 |    73 |   115 |   159 |   602 |   227 ||  1235
Block: Buckler           |       |       |    56 |   129 |   457 |    73 ||   715
       Kite shield       |       |       |       |       |       |   222 ||   222
       Reflection        |       |       |       |       |       |    22 ||    22

Table legend: (Time is in decaauts)
 A = Elapsed time spent in this place.
 B = Non-inter-level travel time spent in this place.
 C = Inter-level travel time spent in this place.
 D = Time resting spent in this place.
 E = Time spent auto-exploring this place.
 F = Levels seen in this place.
 G = Mean time per level.
                   A        B        C        D        E       F      G
               +--------+--------+--------+--------+--------+-----+--------+
         Total |  26924 |  25403 |   1521 |   1289 |  16922 |  28 |  961.6 |
       Dungeon |  15402 |  14340 |   1062 |    400 |   9834 |  15 | 1026.8 |
        Temple |     60 |     38 |     22 |      0 |     21 |   1 |   60.0 |
          Lair |   5256 |   4999 |    257 |    521 |   3285 |   5 | 1051.2 |
        Shoals |   4033 |   3946 |     87 |    325 |   2437 |   4 | 1008.2 |
  Orcish Mines |   1732 |   1640 |     92 |      0 |   1179 |   2 |  866.0 |
        Bailey |    439 |    439 |      0 |     43 |    165 |   1 |  439.0 |
               +--------+--------+--------+--------+--------+-----+--------+

Top non-repeatable levels by time:
  Lair:2: 1389 daAuts
    D:14: 1346 daAuts
     D:9: 1314 daAuts
     D:8: 1298 daAuts
    D:11: 1288 daAuts
Shoals:2: 1246 daAuts
  Lair:3: 1237 daAuts
Shoals:1: 1181 daAuts
     D:4: 1136 daAuts
    D:10: 1118 daAuts
Shoals:3: 1089 daAuts
    D:15: 1068 daAuts
     D:6: 1039 daAuts
   Orc:2: 1030 daAuts
    D:13: 1009 daAuts
